 Dungeon Crawl Stone Soup version 0.28-a0-751-gef3a642a4e (webtiles) character file.

Game seed: 11556172273731722826

1857 avis the Martial Artist (level 9, -2/65 HPs)
             Began as a Djinni Warper on Oct 30, 2021.
             Slain by a sky beast (6 damage)
             ... on level 8 of the Dungeon on Oct 31, 2021.
             The game lasted 00:41:50 (10061 turns).

avis the Martial Artist (Djinni Warper)            Turns: 10061, Time: 00:41:51

Health: -2/65      AC:  8    Str: 16    XL:     9   Next: 34%
Gold:   364        EV: 17    Int: 23    God:
                   SH:  5    Dex: 14

rFire   + + .      SeeInvis .     - Unarmed
rCold   x . .      Faith    .   (no shield)
rNeg    . . .      Spirit   .   a - +1 leather armour
rPois   ∞          Reflect  +   r - +3 helmet of Whack-A-Mole {Contam Int+6}
rElec   .          Harm     .   (no cloak)
rCorr   .          Rampage  .   (no gloves)
Will    .....                   (boots unavailable)
Stlth   +.........              E - amulet of reflection
HPRegen 0.20/turn               m - +6 ring of strength
MPRegen 0.00/turn               u - +4 ring of evasion

@: flying, very slightly contaminated
A: sickness immunity, fire resistance 2, cold vulnerability 1, float, innate
caster, hp casting, extra vitality 1
a: no special abilities


You were on level 8 of the Dungeon.
You visited 2 branches of the dungeon, and saw 9 of its levels.

You collected 364 gold pieces.

Inventory:

Hand Weapons
 e - a +0 hunting sling
 j - a +1 shortbow of flaming
 p - a +3 flail of protection
 t - a +1 flail of protection
Missiles
 c - 5 boomerangs of dispersal (quivered)
 d - 137 stones
 l - 21 arrows
 o - 30 poisoned darts
Armour
 a - a +1 leather armour (worn)
 r - the +3 helmet of Whack-A-Mole (worn) {Contam Int+6}
   (You took it off Robin on level 3 of the Dungeon)

   Int:       It affects your intelligence (+6).
   Contam:    It causes magical contamination when unequipped.
Jewellery
 m - a +6 ring of strength (left hand)
 u - a +4 ring of evasion (right hand)
 E - an amulet of reflection (around neck)
Wands
 f - a wand of charming (4)
 n - a wand of polymorph (8)
 C - a wand of flame (39)
 H - a wand of iceblast (15)
Scrolls
 b - a scroll of blinking
 h - a scroll of magic mapping {unknown}
 q - 2 scrolls of identify
 v - 4 scrolls of teleportation
Potions
 g - a potion of curing {unknown}
 i - 4 potions of lignification
 k - 2 potions of heal wounds
 w - a potion of flight {unknown}
 K - 2 potions of might
 L - a potion of ambrosia {unknown}


   Skills:
 - Level 5.0 Fighting
 - Level 0.7 Throwing
 - Level 1.0 Armour
 * Level 4.3 Dodging
 - Level 10.0 Unarmed Combat
 - Level 3.0 Spellcasting


You couldn't memorise any spells.
You knew the following spells:

 Your Spells              Type           Power      Damage    Failure   Level
a - Sandblast             Erth           34%        2d9       4%          1
b - Blink                 Tloc           34%        N/A       6%          2
c - Corpse Rot            Necr/Air       34%        N/A       6%          2
d - Static Discharge      Conj/Air       17%        N/A       6%          2
g - Gell's Gravitas       Tloc           8%         N/A       12%         3
k - Lesser Beckoning      Tloc           17%        N/A       12%         3
m - Mephitic Cloud        Conj/Pois/Air  17%        N/A       12%         3
o - Teleport Other        Tloc           17%        N/A       12%         3
M - Manifold Assault      Tloc           17%        N/A       75%         5
Your spell library was empty.

Dungeon Overview and Level Annotations

Branches:
Dungeon (7/15)             Temple (1/1) D:5

Altars:
Dithmenos
Elyvilon
Fedhas
Hepliaklqana
Kikubaaqudgha
Nemelex Xobeh
Okawaru
Qazlal
Sif Muna
Uskayaw
Wu Jian
Xom
The Shining One
Lugonu

Shops:
D:6 [

Annotations:
D:3 2 transporters, SirDiesAlot's ghost, amateur MiDe
D:4 1 runed translucent door, exclusion: door, Crazy Yiuf


Innate Abilities, Weirdness & Mutations

You are immune to sickness and miasma.
You are immune to poison.
Your flesh is very heat resistant. (rF++)
You are vulnerable to cold. (rC-)
You float through the air rather than walking.
You learn spells naturally, not from books.
Your magical power is your life essence.
You have superior vitality. (+4 HP)


Message History

The orc priest is struck by an arc of lightning.
The orc priest is severely wounded.
You are struck by an arc of lightning.
* * * LOW HITPOINT WARNING * * *
The lightning grounds out.
The centaur zombie is struck by an arc of lightning.
The centaur zombie is almost destroyed.
You are struck by an arc of lightning.
* * * LOW HITPOINT WARNING * * *
The lightning grounds out.
* * * LOW HITPOINT WARNING * * *
The orc priest is engulfed in noxious fumes.
The orc priest appears confused.
The orc priest hits something with a +0 dagger.
You block the centaur zombie's attack. The centaur zombie misses you.
An orc comes into view. It is wielding a +0 club.
The centaur zombie barely misses you. You block the centaur zombie's attack.
The orc priest is engulfed in noxious fumes.
The orc priest appears confused.
Something hits you but does no damage.
You hit something. The centaur zombie barely misses you.
The centaur zombie kicks you but does no damage.
The orc hits you with a +0 club.
* * * LOW HITPOINT WARNING * * *
Something closely misses you. The centaur zombie misses you. x2
You punch something!
A howler monkey zombie comes into view.
The orc hits you but does no damage. The centaur zombie hits you.
* * * LOW HITPOINT WARNING * * *
The centaur zombie barely misses you.
Casting: Static Discharge (safe; 6% risk of failure)
Confirm with . or Enter, or press ? or * to list all spells.
You miscast Static Discharge.
Nothing appears to happen.
* * * LOW HITPOINT WARNING * * *
Something barely misses you. The centaur zombie misses you.
The centaur zombie closely misses you. The orc barely misses you.
Unknown command.
You closely miss something. Something hits you.
* * * LOW HITPOINT WARNING * * *
Something shocks you.
You die...

. .... .. ...
.... ... (..
.... .... #.#
.... ..... #(#
...
......###.#..#
.........{#..#
...Z...o.@...#
........Z.o..#
.......####..#
....... ..#
....... #..
....... ...
#...... ...
.... ..


You could see an orc priest (confused), an orc, a centaur zombie and a howler
monkey zombie.

Vanquished Creatures
  Sigmund (D:4)
  Eustachio (D:3)
  Menkaure (D:4)
  Edmund (D:6)
  A water moccasin (D:6)
  Duvessa (D:4)
  An ice beast (D:5)
  2 ogres
  A centaur (D:5)
  A bullfrog (D:6)
  Blork the orc (D:6)
  Dowan (D:4)
  A water moccasin zombie (D:5)
  A centaur zombie (D:5)
  2 jellies
  A hound (D:5)
  Ijyb (D:4)
  2 bullfrog skeletons (D:5)
  2 centaur skeletons (D:6)
  2 iguanas
  Natasha (thrice) (D:3)
  A hound skeleton (D:4)
  2 hound zombies (D:5)
  Robin (D:3)
  2 adders
  A shadow imp (D:5)
  2 white imps (D:5)
  An ufetubus (D:5)
  3 worms
  A dart slug (D:4)
  7 bats
  4 endoplasms
  10 goblins
  10 hobgoblins
  9 jackals
  5 quokkas
  7 ball pythons
  3 frilled lizards
  3 kobolds (D:2)
  8 rats
108 creatures vanquished.

Notes
Turn   | Place    | Note
-------+----------+-------------------------------------------
     0 | D:1      | avis the Djinni Warper began the quest for the Orb.
     0 | D:1      | Reached XP level 1. HP: 18/18 MP: 0/0
   422 | D:1      | Reached XP level 2. HP: 20/23 MP: 0/0
   827 | D:1      | Reached skill level 3 in Unarmed Combat
  1146 | D:2      | Reached XP level 3. HP: 28/28 MP: 0/0
  1146 | D:2      | Learned a level 1 spell: Sandblast
  2076 | D:2      | Reached skill level 4 in Unarmed Combat
  2076 | D:2      | Reached XP level 4. HP: 29/33 MP: 0/0
  2224 | D:2      | Found a faded altar of an unknown god.
  2337 | D:3      | Identified the +3 helmet of Whack-A-Mole {Contam Int+6}
  2337 | D:3      | Noticed Robin
  2872 | D:3      | Killed Robin
  2983 | D:3      | Found a transporter.
  2985 | D:3      | Noticed SirDiesAlot's ghost (amateur MiDe)
  3017 | D:3      | Reached XP level 5. HP: 35/38 MP: 0/0
  3017 | D:3      | Learned a level 2 spell: Static Discharge
  3060 | D:3      | Found a glowing golden altar of the Shining One.
  3147 | D:3      | Found a transporter.
  3227 | D:3      | Noticed Natasha
  3237 | D:3      | Killed Natasha
  3243 | D:3      | Noticed Natasha
  3335 | D:3      | Killed Natasha
  3370 | D:3      | Noticed Natasha
  3375 | D:3      | Killed Natasha
  3376 | D:3      | Reached skill level 5 in Unarmed Combat
  3856 | D:4      | Noticed Sigmund
  3987 | D:4      | Killed Sigmund
  3988 | D:4      | Reached skill level 6 in Unarmed Combat
  3988 | D:4      | Reached XP level 6. HP: 5/43 MP: 0/0
  4328 | D:4      | Found an ornate altar of the Wu Jian Council.
  4443 | D:4      | Noticed Dowan
  4444 | D:4      | Noticed Duvessa
  4478 | D:4      | HP: 2/43 [Duvessa (2)]
  4940 | D:4      | Killed Duvessa
  4941 | D:4      | Reached XP level 7. HP: 14/49 MP: 0/0
  4941 | D:4      | Learned a level 2 spell: Corpse Rot
  5316 | D:4      | Killed Dowan
  5317 | D:4      | Reached skill level 7 in Unarmed Combat
  5428 | D:4      | Found a runed translucent door.
  5429 | D:4      | Noticed Crazy Yiuf
  5444 | D:4      | Noticed Eustachio
  5489 | D:3      | Killed Eustachio
  6025 | D:4      | Noticed Menkaure
  6036 | D:4      | Killed Menkaure
  6037 | D:4      | Reached XP level 8. HP: 8/56 MP: 0/0
  6388 | D:4      | Found a hazy altar of Hepliaklqana.
  6536 | D:4      | Noticed Ijyb
  6545 | D:4      | Killed Ijyb
  6657 | D:5      | Entered Level 5 of the Dungeon
  6909 | D:5      | Reached skill level 8 in Unarmed Combat
  7300 | D:5      | Found a shadowy altar of Dithmenos.
  7936 | D:5      | Found a staircase to the Ecumenical Temple.
  7942 | Temple   | Entered the Ecumenical Temple
  8114 | D:5      | Reached skill level 9 in Unarmed Combat
  8669 | D:6      | Reached XP level 9. HP: 17/60 MP: 0/0
  8669 | D:6      | Learned a level 3 spell: Mephitic Cloud
  8712 | D:6      | Found a white marble altar of Elyvilon.
  8757 | D:6      | HP: 3/60 [water moccasin (3)]
  8759 | D:6      | Reached skill level 10 in Unarmed Combat
  8762 | D:6      | Noticed Edmund
  9065 | D:6      | Killed Edmund
  9312 | D:6      | Noticed Blork the orc
  9323 | D:6      | Killed Blork the orc
  9681 | D:6      | Found Nivviere's Antique Armour Shoppe.
  9724 | D:6      | Found a blossoming altar of Fedhas.
  9849 | D:6      | Reached skill level 5 in Fighting
 10039 | D:7      | You are sucked into a shaft and drop 1 floor!
 10061 | D:8      | Slain by a sky beast

Illustrated notes

Levels and vault maps discovered:
D:1:      minmay_arrival_shattered_statue, layout_loops_corners
D:2:      layout_basic, dreamdust_ecumenical_altar_hidden_monk_grotto
D:3:      layout_rooms, nicolae_tso_carved_into_rock, gammafunk_ghost_mausoleum,
          uniq_robin, uniq_natasha
D:4:      layout_cave_pools, mainiacjoe_overflow_cross_hatched,
          nicolae_overflow_crystal_walls, uniq_menkaure,
          uniq_crazy_yiuf_cottage, uniq_duvessa, uniq_eustachio, uniq_sigmund,
          uniq_ijyb
D:5:      layout_loops_ring, mainiacjoe_overflow_small_starburst,
          minmay_temple_entry_enclosed_plants, hangedman_decor_clover_reticule,
          nrook_loot_triangle, minmay_misc_feat_plants,
          minmay_fractal_squares_gapless_5
D:6:      layout_loops_ring, mainiacjoe_overflow_six_doors_small,
          mainiacjoe_overflow_tiny_flanked, serial_shops, nicolae_diamond_shop,
          cheibrodos_sewer_entry_bend, uniq_blork_the_orc, uniq_edmund
D:7:      layout_rooms, lemuel_coloured_pillars_altar,
          nicolae_ru_the_path_less_chosen, uniq_prince_ribbit1
D:8:      layout_basic, mainiacjoe_overflow_boulevard, uniq_pikel
Temple:   corrupted_temple

Skill      XL: |  1  2  3  4  5  6  7  8  9 |
---------------+----------------------------+-----
Unarmed Combat | 3 4 6 7 9 10 | 10.0
Spellcasting   | 3 |  3.0
Dodging        | 4 |  4.3
Fighting       | 3 5 |  5.0
Throwing       | |  0.7
Armour         | |  1.0

Action                   |  1- 3 |  4- 6 |  7- 9 || total
-------------------------+-------+-------+-------++-------
Melee: Unarmed           |    96 |    37 |    24 ||   157
       Punch             |     1 |     1 |     1 ||     3
 Fire: Shortbow          |       |       |     2 ||     2
 Cast: Sandblast         |    29 |     8 |    28 ||    65
       Static Discharge  |       |    31 |   117 ||   148
       Mephitic Cloud    |       |       |     3 ||     3
Evoke: Wand              |       |       |     4 ||     4
  Use: Scroll            |       |       |    11 ||    11
Armor: Leather armour    |    28 |    19 |    46 ||    93
Dodge: Dodged            |    77 |    36 |   135 ||   248
Block: Other             |       |       |    28 ||    28
       Reflection        |       |       |     1 ||     1

Table legend: (Time is in decaauts)
 A = Elapsed time spent in this place.
 B = Non-inter-level travel time spent in this place.
 C = Inter-level travel time spent in this place.
 D = Time resting spent in this place.
 E = Time spent auto-exploring this place.
 F = Levels seen in this place.
 G = Mean time per level.
                   A        B        C        D        E       F      G
               +--------+--------+--------+--------+--------+-----+--------+
         Total |  10071 |   9590 |    481 |   4877 |   3122 |   9 | 1119.0 |
       Dungeon |  10013 |   9544 |    469 |   4877 |   3098 |   8 | 1251.6 |
        Temple |     57 |     45 |     12 |      0 |     24 |   1 |   57.0 |
               +--------+--------+--------+--------+--------+-----+--------+

Top non-repeatable levels by time:
     D:5: 2256 daAuts
     D:3: 2186 daAuts
     D:4: 1682 daAuts
     D:2: 1651 daAuts
     D:1: 1265 daAuts
     D:6: 948 daAuts
  Temple: 57 daAuts
     D:8: 21 daAuts
     D:7: 0 daAuts
